 Dungeon Crawl Stone Soup version 0.31-a0-188-g5e087ee2ca (webtiles) character file.

Game seed: 4980659975380466651

56 qw the Shooter (level 3, -6/20 HPs)
             Began as a Deep Elf Hunter on June 23, 2023.
             Shot with an arrow by a centaur (11 damage)
             ... on level 3 of the Dungeon.
             The game lasted 00:00:25 (985 turns).

qw the Shooter (Deep Elf Hunter)                     Turns: 985, Time: 00:00:25

Health: -6/20      AC:  4    Str: 10    XL:     3   Next: 69%
Magic:  5/5        EV: 12    Int: 13    God:
Gold:   40         SH:  0    Dex: 18    Spells: 2/2 levels left

rFire   . . .        Y - +0 shortbow
rCold   . . .        (shield currently unavailable)
rNeg    . . .        c - +0 leather armour
rPois   .            e - +0 helmet
rElec   .            (no cloak)
rCorr   .            (no gloves)
SInv    .            (no boots)
Will    .....        (no amulet)
Stlth   ++           (no ring)
HPRegen 0.23/turn    (no ring)
MPRegen 0.09/turn

%: no passive effects
@: no status effects
A: no striking features
a: no special abilities


You were on level 3 of the Dungeon.
You visited 1 branch of the dungeon, and saw 3 of its levels.

You collected 40 gold pieces.


   Skills:
 - Level 1.5 Fighting
 + Level 7.2 Ranged Weapons
 - Level 2.4 Dodging
 - Level 1.2 Stealth


You had 2 spell levels left.
You didn't know any spells.
Your spell library was empty.

Inventory:

Hand Weapons
 Y - a +0 shortbow (weapon)
Armour
 c - a +0 leather armour (worn)
 e - a +0 helmet (worn)
Jewellery
 j - a ring of fire
Potions
 h - a potion of heal wounds {unknown}
 i - a potion of lignification {unknown}
 k - 3 potions of magic {unknown}
 l - a potion of might {unknown}

Dungeon Overview and Level Annotations

Branches:
Dungeon (3/15)

Altars:

Annotations:
D:2 1 runed translucent door, Crazy Yiuf


Message History

You open the door.
There is an open door here.
A rat comes into view.
Enter note:
Enter note: You shoot an arrow.
The arrow hits the rat.
You kill the rat!
A sourceless malevolence fills the Dungeon...
You fall into a shaft and drop 1 floor!
The shaft crumbles and collapses.
Found a long sword.
Waypoint 2 assigned to D:3.
A ball python comes into view.
You shoot an arrow. The arrow hits the ball python.
The ball python hisses angrily.
The ball python is severely wounded.
You shoot an arrow.
The arrow hits the ball python but does no damage.
The ball python is severely wounded.
You shoot an arrow. The arrow hits the ball python!
You kill the ball python!
You see here a +0 long sword.
You see here a ball python corpse.
Found a stone staircase leading up.
983 ||| READING scroll labelled RAUFOX LAITT.
As you read the scroll labelled RAUFOX LAITT, it crumbles to dust.
You hear a loud clanging noise!
It was a scroll of noise.
You hear an angry hiss.
You hear a shout! x2; You hear an angry hiss.
You hear a shout! x4
A rat comes into view.
You shoot an arrow. The arrow hits the rat.
You kill the rat!
A centaur comes into view.
You shoot an arrow. The arrow hits the centaur.
The centaur is moderately wounded.
The centaur wields a +0 orcbow.
The centaur shoots an arrow.
The arrow hits you!
Ouch! That really hurt!
The centaur shoots an arrow.
The arrow hits you!
Ouch! That really hurt!
You die...

#### <#### #...#
..$..# ......
c.....# ###.....
.......##.......
#@#.#.#... ##...#
#.####
###.####.##.##
#.....##.#.#.####
#.....##..###.^.##
#....%...## #.#...
#..........)###...##
###.....##.#.#.#.##
##...###.##....#


You could see a centaur.

Vanquished Creatures
  A gnoll (D:1)
  2 worms (D:2)
  4 ball pythons
  A bat (D:2)
  4 endoplasms
  2 giant cockroaches (D:1)
  6 goblins (D:1)
  5 hobgoblins
  2 kobolds (D:1)
  4 frilled lizards
  8 rats
39 creatures vanquished.

Notes
Turn   | Place    | Note
-------+----------+-------------------------------------------
     0 | D:1      | qw the Deep Elf Hunter began the quest for the Orb.
     0 | D:1      | Reached XP level 1. HP: 12/12 MP: 3/3
     0 | D:1      | 0 ||| qw: Version: 0.3-a-9-g12657ce
     0 | D:1      | 0 ||| qw: Game counter: 3301
     0 | D:1      | 0 ||| qw: Always use a shield: true
     0 | D:1      | 0 ||| qw: God list: Okawaru
     0 | D:1      | 0 ||| qw: Allow faded altars: false
     0 | D:1      | 0 ||| qw: Do Orc after D:15 true
     0 | D:1      | 0 ||| qw: Do second Lair branch before Depths: true
     0 | D:1      | 0 ||| qw: Lair rune preference: random
     0 | D:1      | 0 ||| qw: Plans: Normal
     0 | D:1      | 0 ||| PLANNING D:1-11
   109 | D:1      | Reached XP level 2. HP: 12/16 MP: 4/4
   112 | D:1      | Reached skill level 6 in Ranged Weapons
   212 | D:1      | Found a faded altar of an unknown god.
   507 | D:1      | Reached XP level 3. HP: 20/20 MP: 5/5
   672 | D:1      | 672 ||| UPGRADING to +0 helmet.
   677 | D:1      | 677 ||| READING scroll labelled PONATS HETHASCH.
   678 | D:1      | 678 ||| READING scroll labelled GETZOO ZEUZES.
   714 | D:1      | 714 ||| READING 2 scrolls labelled ZUSUILULYR.
   715 | D:1      | 715 ||| DROPPING scroll of butterflies.
   716 | D:1      | 716 ||| DROPPING scroll of vulnerability.
   763 | D:2      | Reached skill level 7 in Ranged Weapons
   918 | D:2      | Found a runed translucent door.
   919 | D:2      | Noticed Crazy Yiuf
   943 | D:2      | You fall into a shaft and drop 1 floor!
   983 | D:3      | 983 ||| READING scroll labelled RAUFOX LAITT.
   984 | D:3      | Noticed a centaur
   985 | D:3      | HP: 5/20 [centaur/arrow (15)]
   985 | D:3      | Shot with an arrow by a centaur

Levels and vault maps discovered:
D:1:      moated_graveyard_arrival, layout_loops_ring,
          ebering_ecumenical_altar_hall
D:2:      layout_basic, basic_altar, kennysheep_path_1, minmay_misc_feat_tiny,
          uniq_crazy_yiuf_cottage
D:3:      layout_loops_cross, uniq_natasha

Skill      XL: |  1  2  3 |
---------------+----------+-----
Ranged Weapons | 6 7 |  7.2
Fighting       | |  1.5
Dodging        | |  2.4
Stealth        | |  1.2

Action                     || total
---------------------------++-------
   Fire: Shortbow          ||    96
    Use: Scroll            ||     4
 Armour: Leather armour    ||     5
  Dodge: Dodged            ||    19

Table legend:
 A = Non-vault XP
 B = Vault XP
 C = Vault XP percentage of total XP
 D = Non-vault monster count
 E = Vault monster count
 F = Vault count percentage of total count
                 A         B        C        D         E       F
            +---------+---------+-------+---------+---------+-------
      Total |      80 |       0 |   0.0 |      39 |       0 |   0.0
            +---------+---------+-------+---------+---------+-------
        D:1 |      60 |       0 |   0.0 |      30 |       0 |   0.0
        D:2 |      18 |       0 |   0.0 |       7 |       0 |   0.0
        D:3 |       2 |       0 |   0.0 |       2 |       0 |   0.0
            +---------+---------+-------+---------+---------+-------
